Map: Automaton LE

Players

Yocto

  • Race: Zerg Zerg
  • League: Platinum
  • Spawn Location: 3:00

Kolokolchi - Winner!

  • Race: Zerg Zerg
  • League: Platinum
  • Spawn Location: 9:00

VOD

Have the link to the VOD?

Description

Time

  • Played on: Dec. 22, 2018, 5:19 a.m.
  • Length: 16:21
Show
View Real Time Build Order
Export as new Build Order

Yocto Zerg 

Build Orders: Hatch First, Muta Ling Bane 

Get SALT Encoding   

  12  0:01  Drone  
  13  0:16  Overlord  
  13  0:18  Drone  
  15  0:35  Drone x2  
  15  0:38  Drone  
  17  0:57  Hatchery  
  17  1:00  Drone  
  17  1:01  Drone  
  18  1:05  Extractor  
  17  1:17  Spawning Pool  
  16  1:20  Drone  
  16  1:24  Drone  
  18  1:32  Drone  
  19  1:43  Overlord  
  19  1:57  Drone  
  20  2:04  Queen  
  22  2:10  Metabolic Boost  
  22  2:16  Zergling x4  
  22  2:18  Queen  
  22  2:20  Drone  
  27  2:26  Drone x2  
  29  2:33  Drone  
  30  2:44  Lair  
  30  2:50  Drone x3  
  33  3:04  Overlord  
  33  3:08  Extractor  
  33  3:10  Drone x2  
  34  3:14  Drone  
  34  3:17  Drone  
  36  3:24  Drone x3  
  36  3:25  Drone x2  
  41  3:39  Queen  
  43  3:41  Extractor  
  43  3:42  Overlord x2, Extractor  
  41  3:51  Baneling Nest, Zergling x4  
  41  4:09  Spire  
  40  4:10  Zergling x6  
  40  4:11  Zergling x4  
  45  4:22  Zergling x4  
  47  4:25  Drone x3  
  50  4:43  Baneling x5  
  50  4:56  Hatchery, Drone x4  
  50  4:57  Drone x3  
  53  5:11  Zergling x10  
  58  5:21  Evolution Chamber  
  57  5:23  Drone  
  57  5:24  Drone  
  57  5:25  Evolution Chamber  
  58  5:30  Spine Crawler  
  57  5:39  Overlord x2  
  57  5:54  Zerg Melee Weapons Level 1  
  57  5:56  Zerg Ground Armor Level 1  
  57  6:00  Drone x6  
  63  6:24  Queen  
  63  6:25  Spine Crawler  
  64  6:26  Overlord x3  
  64  6:27  Overlord  
  64  6:31  Mutalisk  
  66  6:43  Drone x4  
  66  6:45  Overlord x2  
  69  6:56  Extractor, Drone x3  
  71  7:06  Drone x4  
  71  7:07  Drone x2  
  77  7:15  Drone  
  77  7:16  Drone x3  
  81  7:29  Drone x5  
  87  7:30  Drone  
  87  7:45  Spine Crawler  
  87  7:47  Mutalisk, Extractor  
  87  7:48  Mutalisk x4  
  95  7:54  Zerg Flyer Weapons Level 1  
  95  7:59  Mutalisk x3  
  101  8:11  Drone  
  102  8:18  Mutalisk  
  102  8:19  Mutalisk x7  
  112  8:20  Mutalisk  
  112  8:22  Overlord x3  
  112  8:23  Overlord  
  120  8:39  Overlord x3  
  120  8:44  Extractor  
  120  8:45  Centrifical Hooks  
  120  8:46  Hatchery  
  120  8:47  Zerg Melee Weapons Level 2  
  118  8:52  Zerg Ground Armor Level 2  
  118  8:57  Mutalisk x2  
  118  8:58  Mutalisk  
  123  9:18  Zergling x14  
  123  9:19  Zergling x14  
  137  9:28  Zergling x10  
  142  9:41  Mutalisk x6  
  142  9:43  Baneling x4  
  142  9:44  Baneling x4  
  154  9:51  Mutalisk x3  
  160  10:06  Mutalisk x4  
  168  10:09  Overlord x3  
  110  10:40  Mutalisk x3  
  110  10:41  Mutalisk x2  
  110  10:42  Mutalisk  
  94  10:48  Zergling x10  
  94  10:49  Zergling x6  
  92  10:57  Mutalisk x2  
  96  11:04  Queen  
  96  11:10  Mutalisk x2  
  102  11:26  Drone x3  
  102  11:27  Drone x4  
  107  11:40  Queen  
  107  11:45  Baneling x7  
  107  11:46  Baneling  
  110  11:47  Zergling x14  
  116  11:54  Baneling x3  
  116  11:55  Baneling x3  
  116  11:57  Zergling x8  
  120  12:01  Baneling x2  
  120  12:03  Zergling x4  
  122  12:08  Infestation Pit  
  121  12:22  Baneling x7  
  121  12:23  Baneling  
  121  12:25  Mutalisk x7  
  135  12:53  Extractor  
  86  13:17  Zergling x16  
  86  13:18  Zergling x14  
  91  13:20  Mutalisk x5  
  91  13:21  Mutalisk x2  
  91  13:24  Queen  
  103  13:29  Drone x2  
  103  13:33  Drone x5  
  103  13:34  Drone x6  
  113  13:38  Hive  
  116  13:54  Baneling x2  
  116  13:55  Baneling x7  
  116  13:56  Baneling x5  
  116  13:59  Zergling x2  
  116  14:00  Zergling x20  
  127  14:06  Extractor  
  126  14:13  Spine Crawler  
  126  14:14  Spine Crawler  
  126  14:15  Spine Crawler  
  123  14:23  Zergling x8  
  123  14:24  Zergling x14  
  134  14:57  Infestor  
  134  14:58  Infestor  
  134  14:59  Infestor  
  140  15:00  Infestor  
  140  15:01  Hatchery  
  140  15:06  Greater Spire  
  141  15:07  Overlord  
  141  15:08  Overlord x3  
  141  15:10  Corruptor  
  141  15:11  Corruptor x8  
  159  15:29  Drone x3  
  162  15:49  Drone x3  
  166  15:50  Drone  
Show
View Real Time Build Order
Export as new Build Order

Kolokolchi Zerg - Winner!

Build Orders: Pool First 

Get SALT Encoding   

  12  0:01  Drone  
  13  0:13  Overlord  
  13  0:21  Drone  
  14  0:33  Drone x2  
  16  0:44  Spawning Pool  
  16  0:48  Drone  
  16  0:53  Drone  
  17  1:15  Hatchery  
  17  1:16  Drone  
  17  1:20  Drone  
  17  1:24  Drone  
  19  1:27  Extractor  
  19  1:29  Drone  
  19  1:39  Queen  
  19  1:46  Overlord  
  21  1:51  Zergling x2  
  22  2:09  Zergling x2  
  22  2:12  Zergling x2  
  24  2:26  Queen  
  24  2:28  Drone  
  27  2:30  Zergling x2  
  27  2:36  Metabolic Boost  
  28  2:41  Drone  
  28  2:44  Zergling x4  
  31  2:50  Overlord  
  31  2:51  Overlord  
  31  3:02  Drone x2  
  33  3:12  Zergling x6  
  36  3:15  Drone  
  37  3:26  Lair  
  37  3:28  Drone  
  37  3:33  Drone  
  39  3:35  Roach Warren  
  39  3:39  Baneling Nest  
  37  3:41  Drone x4  
  41  3:54  Drone x2  
  43  3:58  Zergling x6  
  43  3:59  Zergling x4  
  43  4:01  Zergling x2  
  49  4:11  Drone  
  49  4:12  Drone x2  
  49  4:14  Overlord  
  49  4:15  Overlord  
  52  4:19  Overlord  
  52  4:23  Extractor  
  51  4:33  Drone x4  
  55  4:52  Drone  
  56  4:58  Hydralisk Den  
  43  5:13  Centrifical Hooks  
  43  5:14  Glial Reconstitution  
  44  5:21  Drone  
  44  5:22  Drone x7  
  44  5:23  Drone x4  
  44  5:28  Extractor x2  
  53  5:38  Hatchery, Grooved Spines  
  52  5:46  Queen  
  52  5:48  Queen  
  56  6:10  Roach x6  
  68  6:12  Zergling x12  
  68  6:14  Hatchery, Baneling x2  
  68  6:16  Baneling  
  73  6:19  Baneling  
  73  6:21  Baneling  
  73  6:24  Baneling  
  73  6:26  Baneling  
  73  6:49  Muscular Augments  
  73  6:51  Drone  
  74  7:06  Drone  
  74  7:07  Queen  
  77  7:20  Hydralisk x2  
  81  7:23  Overlord x5  
  81  7:24  Overlord x7  
  81  7:34  Evolution Chamber x2  
  79  7:57  Hydralisk x4  
  79  7:58  Hydralisk x5  
  97  8:17  Zerg Missile Weapons Level 1, Zerg Ground Armor Level 1  
  97  8:22  Drone x3  
  97  8:25  Drone x6  
  106  8:28  Queen  
  108  8:45  Infestation Pit  
  108  8:46  Spire  
  105  9:17  Baneling x5  
  105  9:18  Baneling x7  
  105  9:21  Hydralisk x6  
  105  9:22  Hydralisk x4  
  125  9:26  Drone x2  
  125  9:27  Drone x3  
  125  9:29  Extractor  
  129  9:32  Extractor  
  129  9:35  Drone x3  
  132  9:38  Drone  
  132  9:42  Drone  
  132  9:45  Extractor  
  132  9:47  Extractor  
  132  9:49  Hydralisk x3  
  132  9:50  Hydralisk x2  
  141  10:05  Overseer  
  141  10:27  Hydralisk x3  
  141  10:28  Hydralisk x5  
  115  10:49  Hydralisk x5  
  121  10:51  Zergling x16  
  121  10:52  Zergling x4  
  133  11:02  Drone x3  
  133  11:03  Queen  
  138  11:17  Drone x2  
  140  11:31  Hive  
  140  11:32  Zerg Ground Armor Level 2, Zerg Missile Weapons Level 2  
  139  11:52  Hydralisk x6  
  139  11:53  Hydralisk  
  153  12:06  Drone x3  
  156  12:44  Hydralisk x7  
  156  12:45  Hydralisk x6  
  156  12:47  Overlord x2  
  156  12:48  Overlord x5  
  129  13:06  Hydralisk x2  
  129  13:07  Hydralisk x8  
  129  13:08  Hydralisk x8  
  135  13:49  Drone x5  
  135  13:54  Hydralisk  
  135  13:55  Hydralisk x8  
  146  13:56  Hydralisk x5  
  168  14:14  Greater Spire  
  168  14:49  Zergling x16  
  168  14:50  Zergling x18  
  168  14:51  Zergling x8  
  168  14:52  Zergling x2  
  190  14:57  Hatchery  
  189  15:26  Baneling x7  
  189  15:27  Baneling x8  
  189  15:28  Baneling x5  
  189  15:29  Baneling x8  
  189  15:30  Baneling x8  
  189  15:31  Baneling x8  
Tags
 
Composition
Muta Ling Bane
Matchup
ZvZ
Race
Zerg
Replay Pack
Yocto
Spawn Locations
Cross Positions
Add a new tag
Caveats
  • Supply blocks, unpowered buildings, or Contaminate may cause inaccurate times.
  • Supply counts are checked every 10 seconds.